 Dungeon Crawl Stone Soup version 0.29-a0-2-g12fcac58f8 (webtiles) character file.

Game seed: 11219320438212952079

37 oldriver the Ducker (level 3, -2/23 HPs)
             Began as an Octopode Wanderer on Jan 26, 2022.
             Slain by an adder (5 damage)
             ... on level 2 of the Dungeon.
             The game lasted 00:04:04 (1492 turns).

oldriver the Ducker (Octopode Wanderer)             Turns: 1492, Time: 00:04:04

Health: -2/23      AC:  1    Str:  8    XL:     3   Next: 39%
Magic:  4/4        EV: 15    Int: 16    God:
Gold:   50         SH:  0    Dex: 14    Spells: 3/4 levels left

rFire   . . .      SeeInvis .   a - +0 dagger
rCold   . . .      Faith    .   (no shield)
rNeg    . . .      Spirit   .   d - +0 hat
rPois   .          Reflect  .   (no amulet)
rElec   .          Harm     .   (no ring)
rCorr   .          Rampage  .   (no ring)
Will    .....                   (no ring)
Stlth   +++.......              (no ring)
HPRegen 0.07/turn               (no ring)
MPRegen 0.09/turn               (no ring)
                                (no ring)
                                (no ring)

@: lethally poisoned (-2 -> -6), about to teleport
A: almost no armour, amphibious, 8 rings, camouflage 1, gelatinous body 1,
(nimble swimmer 1), tentacles
a: no special abilities


You were on level 2 of the Dungeon.
You visited 1 branch of the dungeon, and saw 2 of its levels.

You collected 50 gold pieces.

Inventory:

Hand Weapons
 a - a +0 dagger (weapon)
Missiles
 b - 4 throwing nets (quivered)
 f - 5 curare-tipped darts
 g - 15 stones
Armour
 d - a +0 hat (worn)
Scrolls
 c - a scroll of teleportation
 e - a scroll of identify
 k - a scroll of amnesia {unknown}
Potions
 h - a potion of invisibility


   Skills:
 + Level 1.6 Fighting
 + Level 1.1 Short Blades
 - Level 5.0 Dodging
 + Level 3.0 Stealth
 - Level 1.0 Spellcasting
 - Level 2.0 Translocations
 - Level 1.1 Evocations


You had 3 spell levels left.
You knew the following spells:

 Your Spells              Type           Power      Damage    Failure   Level
a - Apportation           Tloc           14%        N/A       10%         1

Your spell library contained the following spells:

 Spells                   Type           Power      Damage    Failure   Level
 Lesser Beckoning         Tloc           7%         N/A       30%         3
 Hailstorm                Conj/Ice       0%         3d3       92%         4
 Ice Form                 Ice/Tmut       0%         N/A       92%         4
 Simulacrum               Ice/Necr       0%         N/A       100%        6


Dungeon Overview and Level Annotations

Branches:
Dungeon (2/15)

Altars:


Innate Abilities, Weirdness & Mutations

You cannot wear most types of armour.
You are amphibious.
You can wear up to eight rings at the same time.
Your skin changes colour to match your surroundings (Stealth+).
Your rubbery body absorbs attacks. (AC +1, EV +1)
((You are camouflaged when in or above water. (Stealth+)))
You have tentacles for arms and can constrict up to eight enemies at once.


Message History

Found a stone staircase leading up.
Found a stone staircase leading down.
A ball python comes into view.
A ball python is nearby!
The helpless ball python fails to defend itself.
You puncture the ball python!
You kill the ball python!
You see here a ball python corpse.
e - a scroll of identify An adder comes into view.
An adder is nearby!
An adder is nearby!
The adder hisses angrily.
The adder barely misses you.
You closely miss the adder. Your grab misses the adder. The adder bites you.
You miss the adder. Your grab misses the adder. Your squeeze misses the adder.
The adder bites you.
You are poisoned.
The adder poisons you!
You miss the adder. Your grab misses the adder.
You feel sick. The adder barely misses you.
You barely miss the adder. Your grab misses the adder.
Your squeeze misses the adder.
You feel sick. The adder barely misses you.
You hit the adder. Your grab misses the adder. Your squeeze misses the adder.
The adder is lightly wounded.
You feel sick. The adder bites you but does no damage. The adder misses you.
It was a potion of cancellation.
You feel magically purged.
You feel sick. The adder bites you.
You are more poisoned.
The adder poisons you!
You hit the adder but do no damage. Your grab misses the adder.
Your squeeze misses the adder.
The adder is lightly wounded.
You feel sick. The adder bites you.
* * * LOW HITPOINT WARNING * * *
As you read the scroll of teleportation, it crumbles to dust.
You feel strangely unstable.
* * * LOW HITPOINT WARNING * * *
You feel sick. The adder misses you. The adder bites you.
You die...

......>.#### #.# #
.##......#.. ..#
#.####### #.####.#.#
#.# #........ #.
#.#.# #.# #
#########
##.####.#.#####.# .#
.............##.##.#
##......#.##.##....
########.##.##S.#
#.##.##@.#
#........#
####.###.# #.# .#
..# .. #### ###


You could see an adder.

Vanquished Creatures
  A dart slug (D:1)
  An endoplasm (D:1)
  6 giant cockroaches (D:1)
  9 goblins
  3 hobgoblins
  A quokka (D:2)
  4 ball pythons
  A bat (D:1)
  2 frilled lizards
  A kobold (D:1)
  A rat (D:2)
30 creatures vanquished.

Notes
Turn   | Place    | Note
-------+----------+-------------------------------------------
     0 | D:1      | oldriver the Octopode Wanderer began the quest for the Orb.
     0 | D:1      | oldriver set off with the following items: a +0 dagger, 3
                  | throwing nets, a scroll of teleportation, a +0 hat; and the
                  | following spell memorised: Apportation; and the following
                  | spells available to memorise: Lesser Beckoning
     0 | D:1      | Reached XP level 1. HP: 11/11 MP: 2/2
   229 | D:1      | Reached skill level 1 in Fighting
   229 | D:1      | Reached XP level 2. HP: 18/18 MP: 3/3
   416 | D:1      | Found a faded altar of an unknown god.
   810 | D:1      | Reached XP level 3. HP: 19/23 MP: 4/4
  1044 | D:1      | Reached skill level 1 in Short Blades
  1492 | D:2      | Slain by an adder

Illustrated notes

Levels and vault maps discovered:
D:1:      doesnt_arrival_eight_statues, layout_basic,
          hellmonk_ecumenical_altar_zigzags, minivault_19
D:2:      layout_loops_corners

Skill      XL: |  1  2  3 |
---------------+----------+-----
Stealth        | 2 3 |  3.0
Fighting       | 1 |  1.6
Short Blades   | 1 |  1.1
Dodging        | |  5.0
Spellcasting   | |  1.0
Translocations | |  2.0
Evocations     | |  1.1

Action                   || total
-------------------------++-------
Melee: Dagger            ||    63
       Constrict         ||    11
       Tentacles         ||     9
  Use: Scroll            ||     3
       Potion            ||     1
 Stab: Sleeping          ||    16
Armor: Skin              ||     3
Dodge: Dodged            ||    28

Table legend: (Time is in decaauts)
 A = Elapsed time spent in this place.
 B = Non-inter-level travel time spent in this place.
 C = Inter-level travel time spent in this place.
 D = Time resting spent in this place.
 E = Time spent auto-exploring this place.
 F = Levels seen in this place.
 G = Mean time per level.
                   A        B        C        D        E       F      G
               +--------+--------+--------+--------+--------+-----+--------+
         Total |   1490 |   1424 |     66 |    177 |    762 |   2 |  745.0 |
       Dungeon |   1490 |   1424 |     66 |    177 |    762 |   2 |  745.0 |
               +--------+--------+--------+--------+--------+-----+--------+

Top non-repeatable levels by time:
     D:1: 1093 daAuts
     D:2: 396 daAuts
